 Dungeon Crawl Stone Soup version 0.28.0-45-g0d030f2227 (webtiles) character file.

Game seed: 14954656749554537438

16730 issech the Slicer (level 12, 0/106 HPs)
             Began as a Troll Monk on Apr 18, 2022.
             Was a High Priest of Hepliaklqana.
             Succumbed to a skeletal warrior's poison
             ... on level 12 of the Dungeon.
             The game lasted 00:44:24 (9653 turns).

issech the Slicer (Troll Monk)                      Turns: 9653, Time: 00:44:25

Health: 0/106      AC: 12    Str: 27    XL:     12   Next: 12%
Magic:  11/11      EV: 17    Int:  9    God:    Hepliaklqana [*****.]
Gold:   882        SH:  0    Dex: 16    Spells: 11/11 levels left

rFire   . . .      SeeInvis .   k - +8 rapier of Calculation {spect, +Blink rN+ Str+3}
rCold   . . .      Faith    .   (no shield)
rNeg    + . .      Spirit   .   c - +1 troll leather armour
rPois   +          Reflect  .   H - +2 hat {Int+3}
rElec   .          Harm     .   v - +1 cloak
rCorr   .          Rampage  .   (gloves unavailable)
Will    .....                   (boots unavailable)
Stlth   +++.......              (no amulet)
HPRegen 1.87/turn               l - +4 ring of evasion
MPRegen 0.12/turn               D - ring "Cuidet" {rPois Str+2 Slay+3}

@: lethally poisoned (0 -> -2)
A: reduced essence, large, unfitting armour, claws 3, regeneration 1, shaggy fur
1, tough skin 1
a: Renounce Religion, Evoke Blink, Recall Ancestor, Ancestor Identity,
Transference, Idealise


You were on level 12 of the Dungeon.
You worshipped Hepliaklqana.
Hepliaklqana was extremely pleased with you.
You visited 2 branches of the dungeon, and saw 13 of its levels.

You collected 882 gold pieces.

Inventory:

Hand Weapons
 k - the +8 rapier of Calculation (weapon) {spect, +Blink rN+ Str+3}
   (You found it on level 2 of the Dungeon)

   When its wielder attacks, the weapon's spirit leaps out and strikes again.
   The spirit shares a part of any damage it takes with its wielder.
   Str:       It affects your strength (+3).
   rN:        It protects you from negative energy.
   +Blink:    It lets you blink.
 A - a +6 flail of protection
 T - a +2 shortbow of flaming
Missiles
 f - 422 stones
 m - 366 arrows
 s - 4 datura-tipped darts
 y - 73 bolts
 E - 28 poisoned darts
 J - 50 sling bullets
 K - 3 boomerangs
 N - 4 curare-tipped darts
 X - 3 large rocks (quivered)
Armour
 c - a +1 troll leather armour (worn)
 v - a +1 cloak (worn)
 C - the +1 robe of Mizay {Rampage Regen+ rCorr}
   (You found it on level 4 of the Dungeon)

   Regen:     It increases your rate of health regeneration.
   rCorr:     It protects you from acid and corrosion.
   Rampage:   It bestows one free step when moving towards enemies.
 H - a +2 hat of intelligence (worn)
 W - +0 steam dragon scales
Jewellery
 b - a ring of resist corrosion
 h - a ring of flight
 l - a +4 ring of evasion (left claw)
 D - the ring "Cuidet" (right claw) {rPois Str+2 Slay+3}
   (You acquired it on level 13 of the Dungeon)

   [ring of poison resistance]

   Str:       It affects your strength (+2).
   Slay:      It affects your accuracy & damage with ranged weapons and melee
   (+3).
   rPois:     It protects you from poison.
 Q - a ring of protection from cold
 Y - a +6 ring of intelligence
Wands
 a - a wand of paralysis (11)
 n - a wand of polymorph (6)
 u - a wand of flame (44)
Scrolls
 e - 5 scrolls of teleportation
 g - 4 scrolls of magic mapping
 p - 6 scrolls of fear
 t - 2 scrolls of enchant armour
 I - a scroll of holy word {unknown}
 O - 2 scrolls of summoning
 P - 3 scrolls of fog
 U - a scroll of silence {unknown}
 V - 4 scrolls of blinking {unknown}
 Z - a scroll of identify
Potions
 d - a potion of invisibility {unknown}
 i - 7 potions of curing {unknown}
 j - 2 potions of degeneration {unknown}
 q - a potion of ambrosia {unknown}
 r - 3 potions of heal wounds {unknown}
 x - 2 potions of attraction {unknown}
 z - 2 potions of lignification {unknown}
 B - a potion of flight {unknown}
 F - a potion of resistance {unknown}
 G - a potion of mutation {unknown}
 L - a potion of might {unknown}
 R - 2 potions of berserk rage


   Skills:
 + Level 7.1 Fighting
 + Level 10.6 Short Blades
 + Level 4.6 Maces & Flails
 + Level 2.6 Throwing
 + Level 5.1 Armour
 + Level 7.5 Dodging
 + Level 4.3 Stealth


You had 11 spell levels left.
You didn't know any spells.
Your spell library contained the following spells:

 Spells                   Type           Power      Damage    Failure   Level
 Animate Skeleton         Necr           0%         N/A       41%         1
 Apportation              Tloc           0%         N/A       41%         1
 Pain                     Necr           0%         1d4       41%         1
 Summon Small Mammal      Summ           0%         N/A       41%         1
 Call Canine Familiar     Summ           0%         N/A       80%         3
 Dazzling Flash           Conj/Hex       0%         N/A       80%         3
 Frozen Ramparts          Ice            0%         1d2       80%         3
 Portal Projectile        Hex/Tloc       0%         N/A       80%         3
 Vampiric Draining        Necr           0%         2d6       80%         3
 Ice Form                 Ice/Tmut       0%         N/A       99%         4
 Iskenderun's Mystic Bla  Conj/Tloc      0%         2d3       99%         4
 Leda's Liquefaction      Hex/Erth       0%         N/A       99%         4
 Summon Ice Beast         Ice/Summ       0%         N/A       99%         4
 Iskenderun's Battlesphe  Conj           0%         2d6       100%        5
 Lee's Rapid Deconstruct  Erth           0%         3d5*      100%        5
 Iron Shot                Conj/Erth      0%         9d1       100%        6
 Starburst                Conj/Fire      0%         6d3       100%        6
 Statue Form              Tmut/Erth      0%         N/A       100%        6
 Spellforged Servitor     Conj/Summ      0%         N/A       100%        7


Dungeon Overview and Level Annotations

Branches:
Dungeon (13/15)            Temple (1/1) D:7             Orc (0/2) D:9
   Lair: D:8-11      Vaults: D:13-14

Altars:
Ashenzari
Cheibriados
Dithmenos
Elyvilon
Fedhas
Gozag
Hepliaklqana
Kikubaaqudgha
Makhleb
Nemelex Xobeh
Okawaru
Qazlal
Ru
Sif Muna
Trog
Uskayaw
Vehumet
Wu Jian
Xom
Yredelemnul
Zin
The Shining One

Shops:
D:5 !   D:9 (


Innate Abilities, Weirdness & Mutations

Your life essence is reduced to manifest your ancestor. (-10% HP)
You are too large for most types of armour.
You have claws for hands.
Your natural rate of healing is unusually fast.
You are covered in fur. (AC +1)
You have tough skin. (AC +1)


Message History

Your spectral weapon shares its damage with you!
The skeletal warrior completely misses you.
You open the door.
The skeletal warrior hits you with a +0 war axe.
The skeletal warrior hits you from afar with a +1 glaive of venom!!
The skeletal warrior hits you with a +0 flail!
There is an open door, spattered with blood here.
You puncture the skeletal warrior!
The skeletal warrior is lightly damaged.
Your +8 rapier of Calculation {spect, +Blink rN+ Str+3} hits the skeletal warrior!
The skeletal warrior hits you with a +0 war axe!!
The skeletal warrior misses your +8 rapier of Calculation {spect, +Blink rN+ Str+3}.
You hit the skeletal warrior but do no damage.
The skeletal warrior is moderately damaged.
Your +8 rapier of Calculation {spect, +Blink rN+ Str+3} hits the skeletal warrior.
The skeletal warrior hits you from afar with a +1 glaive of venom!!
You are poisoned.
You puncture the skeletal warrior!
The skeletal warrior is heavily damaged.
Your +8 rapier of Calculation {spect, +Blink rN+ Str+3} closely misses the skeletal warrior.
You feel very sick. The skeletal warrior misses you.
You hit the skeletal warrior but do no damage.
The skeletal warrior is heavily damaged.
Your +8 rapier of Calculation {spect, +Blink rN+ Str+3} hits the skeletal warrior.
You feel very sick.
The skeletal warrior misses your +8 rapier of Calculation {spect, +Blink rN+ Str+3}.
The skeletal warrior barely misses you.
The skeletal warrior closely misses you.
You closely miss the skeletal warrior.
The skeletal warrior is heavily damaged.
Your +8 rapier of Calculation {spect, +Blink rN+ Str+3} closely misses the skeletal warrior.
You feel very sick.
The skeletal warrior closely misses you.
The skeletal warrior hits you with a +0 war axe!!
* * * LOW HITPOINT WARNING * * *
The skeletal warrior hits your +8 rapier of Calculation {spect, +Blink rN+ Str+3} with a +0 war axe!
Your spectral weapon shares its damage with you!
* * * LOW HITPOINT WARNING * * *
You die...

.................................
.....................###.........
.....................# #....[...#
)....................# #........#
.....................# #.........
.....................# #....)....
...).................# #.........
..................§..# #.........
..>....##.......@.§..###.........
..................z..)...........
####+############z#############..
#..........zz^..........#..
#.......................#..
#)......................#..
#.....................†.'..
#......^.....##.........#..
#............##.........#..


You could see 4 skeletal warriors.

Vanquished Creatures
  Gastronok (D:12)
  A centaur warrior (D:13)
  A hydra (D:13)
  2 two-headed ogres
  A tengu warrior (D:13)
  A cyclops (D:13)
  An ugly thing (D:13)
  Joseph (D:8)
  A tengu conjurer (D:13)
  An efreet (D:13)
  A troll (D:10)
  3 meliai (D:12)
  4 slime creatures (D:12)
  A wraith (D:10)
  A shadow (D:10)
  3 yaks (D:9)
  2 wyverns
  Grum (D:8)
  2 steam dragons
  5 vampire mosquitoes
  An acid dragon (D:12)
  2 water moccasins (D:10)
  A sky beast (D:8)
  An orc warrior (D:9)
  3 black bears (D:10)
  A necrophage (D:8)
  3 wolves (D:8)
  2 ogres
  6 centaurs
  A phantom (D:5)
  4 bullfrogs
  A kobold brigand (D:7)
  4 scorpions
  A water moccasin skeleton (D:7)
  4 killer bees
  5 electric eels (D:7)
  2 howler monkeys (D:9)
  3 jellies
  2 centaur zombies
  2 orc priests
  2 hounds
  2 gnoll shamans (D:9)
  Crazy Yiuf (D:2)
  A bullfrog skeleton (D:4)
  4 iguanas
  Natasha (thrice) (D:2)
  Terence (D:3)
  A scorpion zombie (D:5)
  4 orc wizards (D:4)
  6 adders
  12 gnolls
  3 white imps
  An ufetubus (D:4)
  An adder skeleton (D:4)
  4 worms
  5 dart slugs
  18 orcs
  7 ball pythons
  7 endoplasms
  6 giant cockroaches
  4 hobgoblins
  6 jackals
  15 kobolds
  2 quokkas
  3 bats
  2 frilled lizards (D:1)
  6 goblins
  A quokka skeleton (D:4)
  2 rats (D:2)
213 creatures vanquished.

Vanquished Creatures (collateral kills)
  A hydra (D:13)
  A deep elf pyromancer (D:12)
  2 unseen horrors
  A troll (D:13)
  A wraith (D:13)
  A steam dragon (D:7)
  2 vampire mosquitoes (D:9)
  A centaur (D:12)
  An ogre (D:7)
  A kobold brigand (D:7)
  A gnoll sergeant (D:7)
  A bullfrog (D:8)
  2 killer bees (D:9)
  A jelly (D:7)
  A howler monkey (D:9)
  2 electric eels (D:7)
  3 centaur zombies
  A gnoll (D:7)
  A white imp (D:7)
  2 orcs
  A kobold (D:7)
28 creatures vanquished.

Vanquished Creatures (others)
  An unseen horror (D:12)
  7 battlemagi
  15 fungi
  19 plants
  5 toadstools (D:6)
47 creatures vanquished.

Grand Total: 288 creatures vanquished

Notes
Turn   | Place    | Note
-------+----------+-------------------------------------------
     0 | D:1      | issech the Troll Monk began the quest for the Orb.
     0 | D:1      | Reached XP level 1. HP: 22/22 MP: 0/0
    25 | D:1      | Found a faded altar of an unknown god.
   206 | D:1      | Reached XP level 2. HP: 29/29 MP: 1/1
   960 | D:2      | Reached XP level 3. HP: 36/36 MP: 2/2
   989 | D:2      | Identified the +8 rapier of Calculation {spect, +Blink rN+
                  | Str+3}
  1019 | D:2      | Noticed Natasha
  1026 | D:2      | Killed Natasha
  1064 | D:2      | Noticed Natasha
  1072 | D:2      | Killed Natasha
  1073 | D:2      | Reached XP level 4. HP: 45/45 MP: 3/3
  1366 | D:2      | Noticed Natasha
  1384 | D:2      | Killed Natasha
  1385 | D:2      | Reached XP level 5. HP: 45/53 MP: 4/4
  1439 | D:2      | Found a runed translucent door.
  1440 | D:2      | Noticed Crazy Yiuf
  1519 | D:2      | Killed Crazy Yiuf
  1754 | D:3      | Reached skill level 1 in Short Blades
  1783 | D:3      | Reached XP level 6. HP: 59/61 MP: 5/5
  1845 | D:3      | Found an opulent altar of Gozag.
  1845 | D:3      | Found a shimmering altar of Xom.
  1845 | D:3      | Found a hide-covered altar of Uskayaw.
  2121 | D:3      | Noticed Terence
  2126 | D:3      | Killed Terence
  2397 | D:4      | Identified the +1 robe of Mizay {Rampage Regen+ rCorr}
  2486 | D:4      | Reached skill level 2 in Short Blades
  2569 | D:4      | Found a sacrificial altar of Ru.
  2727 | D:4      | Reached XP level 7. HP: 53/67 MP: 6/6
  2774 | D:4      | Reached skill level 3 in Short Blades
  2804 | D:4      | Reached skill level 1 in Throwing
  3372 | D:5      | Entered Level 5 of the Dungeon
  3413 | D:5      | Found a sparkling altar of Nemelex Xobeh.
  3433 | D:5      | Found Qesiehyurgh's Distillery.
  3465 | D:5      | Identified the +1 robe of the Bagpipe {Int+5}
  3538 | D:5      | Reached skill level 4 in Short Blades
  3646 | D:5      | Found a hazy altar of Hepliaklqana.
  3649 | D:5      | Became a worshipper of Hepliaklqana the Forgotten
  3649 | D:5      | Reached * piety under Hepliaklqana
  3649 | D:5      | Reached ** piety under Hepliaklqana
  3650 | D:5      | Remembered your ancestor Nenetl as a battlemage
  3660 | D:5      | Identified 2 scrolls of acquirement
  3666 | D:5      | Acquired a +4 ring of evasion
  3928 | D:5      | Acquired a +1 troll leather armour
  3948 | D:6      | Noticed a steam dragon
  3950 | D:6      | Killed a steam dragon
  3951 | D:6      | Reached XP level 8. HP: 70/70 MP: 7/7
  4095 | D:6      | Reached skill level 5 in Short Blades
  4981 | D:7      | Reached skill level 6 in Short Blades
  4981 | D:7      | Reached skill level 1 in Armour
  5064 | D:7      | Found a staircase to the Ecumenical Temple.
  5070 | Temple   | Entered the Ecumenical Temple
  5129 | D:7      | Reached *** piety under Hepliaklqana
  5602 | D:7      | Reached XP level 9. HP: 52/75 MP: 8/8
  5798 | D:7      | Reached skill level 7 in Short Blades
  6021 | D:8      | Noticed Grum
  6031 | D:8      | Killed Grum
  6108 | D:8      | Noticed Joseph
  6112 | D:8      | Killed an unseen horror
  6121 | D:8      | Killed Joseph
  6122 | D:8      | Reached skill level 5 in Dodging
  6136 | D:8      | Found an ancient bone altar of Kikubaaqudgha.
  6138 | D:8      | Found a radiant altar of Vehumet.
  6859 | D:9      | Reached XP level 10. HP: 74/84 MP: 9/9
  6864 | D:9      | Reached skill level 5 in Fighting
  6871 | D:9      | Reached **** piety under Hepliaklqana
  6975 | D:9      | Reached skill level 8 in Short Blades
  6983 | D:9      | Noticed a two-headed ogre
  6990 | D:9      | Killed a two-headed ogre
  7150 | D:9      | Found Aryusku's Weapon Shop.
  7364 | D:9      | Found a staircase to the Orcish Mines.
  7703 | D:10     | Entered Level 10 of the Dungeon
  7827 | D:10     | Reached skill level 9 in Short Blades
  7845 | D:10     | Found a basalt altar of Yredelemnul.
  7845 | D:10     | Found a faded altar of an unknown god.
  7853 | D:10     | Found a bloodstained altar of Trog.
  7856 | D:10     | Found a snail-covered altar of Cheibriados.
  7858 | D:10     | Found a blossoming altar of Fedhas.
  8075 | D:10     | You fall into a shaft and drop 3 floors!
  8194 | D:13     | Reached XP level 11. HP: 94/94 MP: 10/10
  8461 | D:13     | Noticed a six-headed hydra
  8466 | D:13     | Killed a six-headed hydra
  8485 | D:13     | Acquired the ring "Cuidet" {rPois Str+2 Slay+3}
  8523 | D:13     | Noticed an eight-headed hydra
  8532 | D:13     | Killed an eight-headed hydra
  8682 | D:13     | Noticed a centaur warrior
  8683 | D:13     | Noticed a tengu warrior
  8692 | D:13     | Killed a centaur warrior
  8702 | D:13     | Killed a tengu warrior
  8905 | D:13     | Noticed a green ugly thing
  8914 | D:13     | Killed a green ugly thing
  8915 | D:13     | Reached skill level 10 in Short Blades
  9012 | D:13     | Reached ***** piety under Hepliaklqana
  9176 | D:12     | Noticed a two-headed ogre
  9177 | D:12     | Noticed a deep elf pyromancer
  9182 | D:12     | Killed a two-headed ogre
  9183 | D:12     | Reached skill level 5 in Armour
  9196 | D:12     | Killed a deep elf pyromancer
  9411 | D:12     | Reached XP level 12. HP: 71/106 MP: 11/11
  9492 | D:12     | Noticed Gastronok
  9511 | D:12     | Killed Gastronok
  9629 | D:12     | Identified the +1 robe of the Boiling Point {+Inv rC+}
  9652 | D:12     | HP: 2/106 [skeletal warrior/+0 war axe[a skeletal warrior]
                  | (8)]
  9653 | D:12     | Succumbed to a skeletal warrior's poison

Illustrated notes

Levels and vault maps discovered:
D:1:      tarquinn_simple_flora_water_c, layout_basic,
          ebering_ecumenical_altar_box
D:2:      layout_rooms, st_stairs_3, uniq_natasha, uniq_crazy_yiuf_cottage
D:3:      layout_basic, gammafunk_temple_overflow_claw, uniq_terence
D:4:      cheibrodos_barr_body, layout_cave_pods,
          nicolae_ru_great_annihilating_truth
D:5:      layout_basic, mainiacjoe_overflow_alcove_1, lemuel_crystal_altar,
          serial_shops, nicolae_shop_advertising_works
          [nicolae_subvault_shop_adworks], nrook_uturn
D:6:      layout_basic, minmay_gold_behind_fungi
D:7:      wad_lake_hut, layout_basic, minmay_temple_entry_glassed_door
D:8:      layout_basic, jmf_multi_god_temple, uniq_joseph, uniq_grum
D:9:      layout_irregular_city, david_orc_3, serial_shops, shop
D:10:     layout_small_grid, chequers_temple_overflow_minitemple,
          due_lair_maze_entry_diamond
D:12:     layout_stronghold, dk_noncrumbling_2, uniq_erolcha, uniq_gastronok
D:13:     layout_long_grid
Temple:   eino_wide_crystal_templ

Skill      XL: |  1  2  3  4  5  6  7  8  9 10 11 |
---------------+----------------------------------+-----
Maces & Flails | 3 4 |  4.6
Fighting       | 3 4 6 7 |  7.1
Dodging        | 3 4 5 6 7 |  7.5
Short Blades   | 1 2 4 6 7 9 10 | 10.6
Throwing       | 1 2 |  2.6
Stealth        | 2 3 4 |  4.3
Armour         | 1 3 4 5 |  5.1

Action                   |  1- 3 |  4- 6 |  7- 9 | 10-12 || total
-------------------------+-------+-------+-------+-------++-------
Melee: Mace              |    78 |       |       |       ||    78
       Punch             |     1 |     3 |       |     3 ||     7
       Rapier            |     4 |    84 |   146 |   174 ||   408
Throw: Stone             |       |     7 |     9 |     5 ||    21
       Large rock        |       |       |       |    10 ||    10
       Boomerang         |       |       |       |     3 ||     3
Invok: Ancestor Life: Ba |       |       |     1 |       ||     1
       Recall Ancestor   |       |       |       |     1 ||     1
  Use: Scroll            |       |       |    11 |     2 ||    13
 Stab: Sleeping          |     1 |     1 |     2 |       ||     4
       Distracted        |       |     1 |     1 |     6 ||     8
       Paralysed         |       |     1 |       |       ||     1
Armor: Robe              |    35 |    18 |    15 |       ||    68
       Troll leather arm |       |       |    22 |    63 ||    85
Dodge: Dodged            |    31 |    53 |    95 |   176 ||   355
